 Dungeon Crawl Stone Soup version 0.31-a0-920-g28cbb04a8c (webtiles) character file.

Game seed: 6843680579145778969

70 MachoJfn the Magician (level 4, -6/31 HPs)
             Began as a Djinni Fire Elementalist on Oct 17, 2023.
             Was an Initiate of Yredelemnul.
             Mangled by a gnoll
             ... wielding a +0 whip
              (10 damage)
             ... on level 2 of the Dungeon.
             The game lasted 00:04:21 (1717 turns).

MachoJfn the Magician (Djinni Fire Elementalist)    Turns: 1717, Time: 00:04:22

Health: -6/31      AC:  2    Str:  7    XL:     4   Next: 45%
Gold:   39         EV: 12    Int: 19    God:    Yredelemnul [......] SH:  0 Dex: 13

rFire   + + .        c - +2 dagger (venom)
rCold   x . .        (no shield)
rNeg    . . .        a - +0 robe
rPois   ∞            (no helmet)
rElec   .            (no cloak)
rCorr   .            (no gloves)
SInv    .            (boots unavailable)
Will    .....        (no amulet)
Stlth   ++           (no ring)
HPRegen 0.25/turn    (no ring)
MPRegen 0.00/turn

%: infuse magic (-7 HP)
@: flying
A: sickness immunity, fire resistance 2, cold vulnerability 1, float, innate
caster, HP casting, extra vitality 1
a: Renounce Religion, Recall Undead Harvest


You were on level 2 of the Dungeon.
You worshipped Yredelemnul.
Yredelemnul was noncommittal.
You visited 1 branch of the dungeon, and saw 2 of its levels.

You collected 39 gold pieces.

Inventory:

Hand Weapons
 c - a +2 dagger of venom (weapon)
Missiles
 b - 4 silver javelins
 e - 14 stones
 f - 3 javelins
Armour
 a - a +0 robe (worn)
Scrolls
 i - a scroll of identify {unknown}
 j - a scroll of teleportation {unknown}
 l - a scroll of fear {unknown}
Potions
 d - a potion of heal wounds {unknown}
 g - a potion of might {unknown}
 h - a potion of haste {unknown}
 k - 2 potions of curing {unknown}


   Skills:
 - Level 0.1 Fighting
 - Level 0.1 Short Blades
 + Level 3.0 Dodging
 + Level 2.2 Stealth
 * Level 3.6 Spellcasting
 * Level 3.6 Conjurations
 * Level 3.6 Hexes
 * Level 3.6 Summonings
 * Level 3.6 Necromancy
 * Level 3.6 Translocations
 * Level 3.6 Transmutations
 * Level 3.6 Fire Magic
 * Level 3.6 Ice Magic
 * Level 3.6 Air Magic
 * Level 3.6 Earth Magic
 * Level 3.6 Poison Magic


You knew the following spells:

 Your Spells              Type           Power      Damage    Failure   Level
a - Foxfire               Conj/Fire      68%        2x1d7     3%          1
b - Scorch                Fire           34%        2d6       4%          2
c - Volatile Blastmotes   Fire/Tloc      34%        2d12      10%         3
d - Inner Flame           Hex/Fire       17%        N/A       10%         3
e - Flame Wave            Conj/Fire      17%        2d7       32%         4
f - Freeze                Ice            68%        1d8       3%          1
Your spell library was empty.

Dungeon Overview and Level Annotations

Branches:
Dungeon (2/15)

Altars:
Yredelemnul


Innate Abilities, Weirdness & Mutations

You are immune to sickness and miasma.
You are immune to poison.
Your flesh is very heat resistant. (rF++)
You are vulnerable to cold. (rC-)
You float through the air rather than walking.
You learn spells naturally, not from books.
Your magical power is your life essence.
You have superior vitality. (+4 MHP)


Message History

The dead are walking!
The gnoll completely misses your ball python zombie.
The gnoll hits your ball python zombie with a +0 whip.
Your ball python zombie is destroyed!
Your ball python zombie barely misses the gnoll.
Your ball python zombie closely misses the gnoll.
Casting: Scorch (safe; 4% risk of failure)
Confirm with . or Enter, or press ? or * to list all spells.
Flames lash the gnoll.
The gnoll is lightly wounded.
The gnoll's fire resistance burns away.
* * * LOW HITPOINT WARNING * * *
The gnoll hits your adder zombie with a +0 club.
The gnoll hits your adder zombie with a +0 whip.
Your adder zombie is destroyed!
Your ball python zombie misses the gnoll.
Your ball python zombie grabs the gnoll.
Your ball python zombie constricts the gnoll.
The gnoll struggles to escape constriction.
Your ball python zombie bites the gnoll.
Your ball python zombie constricts the gnoll.
Casting: Scorch (safe; 4% risk of failure)
Confirm with . or Enter, or press ? or * to list all spells.
Flames lash the gnoll.
The gnoll is burned terribly!
The gnoll is heavily wounded.
* * * LOW HITPOINT WARNING * * *
The gnoll is no longer more vulnerable to fire.
The gnoll struggles to escape constriction.
Your endoplasm zombie hits the gnoll.
Your ball python zombie bites the gnoll.
Your ball python zombie constricts the gnoll.
Casting: Scorch (safe; 4% risk of failure)
Confirm with . or Enter, or press ? or * to list all spells.
Flames lash the gnoll.
The gnoll is burned terribly!
The gnoll is almost dead.
* * * LOW HITPOINT WARNING * * *
The gnoll struggles to escape constriction.
The gnoll hits you with a +0 whip!
You die...
Your body rises from the dead as a mindless zombie.

#.... #..... ...§..
#..§§§≈ ##################
...§§§[
............Z....##..§§≈$⌠
################..#...⌠...
...... #@gZ)...≈≈≈ ######
#.##gZ..... #.# .).....
#.# #...... ..# #..... >..
##+## ##.# ..#


You could see 2 gnolls, a friendly ball python zombie and a friendly endoplasm
zombie.

Vanquished Creatures
  An adder (D:2)
  2 gnolls (D:2)
  2 bats
  6 endoplasms
  3 giant cockroaches
  3 goblins
  3 hobgoblins
  4 jackals (D:1)
  3 kobolds
  5 ball pythons
  A ball python zombie (D:2)
  3 frilled lizards
  A rat (D:2)
37 creatures vanquished.

Vanquished Creatures (collateral kills)
  A rat (D:2)
1 creature vanquished.

Vanquished Creatures (others)
  2 adder zombies (D:2)
  A ball python zombie (D:2)
  A goblin zombie (D:2)
  A quokka zombie (D:2)
  30 foxfires (D:1)
35 creatures vanquished.

Grand Total: 73 creatures vanquished

Notes
Turn   | Place    | Note
-------+----------+-------------------------------------------
     0 | D:1      | MachoJfn the Djinni Fire Elementalist began the quest for
                  | the Orb.
     0 | D:1      | MachoJfn set off with the following spells memorised:
                  | Foxfire, Scorch, Volatile Blastmotes, Inner Flame, Flame
                  | Wave.
     0 | D:1      | Reached XP level 1. HP: 15/15 MP: 0/0
   202 | D:1      | Reached XP level 2. HP: 20/21 MP: 0/0
   589 | D:1      | Reached XP level 3. HP: 25/25 MP: 0/0
   589 | D:1      | Learned a level 1 spell: Freeze
  1215 | D:2      | Found a faded altar of an unknown god.
  1230 | D:2      | Prayed at the altar of an unknown god.
  1230 | D:2      | Became a worshipper of Yredelemnul the Dark
  1230 | D:2      | Reached * piety under Yredelemnul
  1705 | D:2      | Reached XP level 4. HP: 23/31 MP: 0/0
  1717 | D:2      | Mangled by a gnoll

Illustrated notes

Levels and vault maps discovered:
D:1:      evilmike_arrival_crescent, layout_loops_cross
D:2:      layout_basic, shapermc_ecumenical_altar_venn, kennysheep_potato

Skill      XL: |  1  2  3 |
---------------+----------+-----
Spellcasting   | |  3.6
Conjurations   | |  3.6
Hexes          | |  3.6
Summonings     | |  3.6
Necromancy     | |  3.6
Translocations | |  3.6
Transmutations | |  3.6
Fire Magic     | |  3.6
Ice Magic      | |  3.6
Air Magic      | |  3.6
Earth Magic    | |  3.6
Poison Magic   | |  3.6
Stealth        | 2 |  2.2
Dodging        | 3 |  3.0
Fighting       | |  0.1
Short Blades   | |  0.1

Action                     |  1- 3 |  4- 6 || total
---------------------------+-------+-------++-------
  Melee: Dagger            |    15 |       ||    15
   Cast: Foxfire           |    21 |       ||    21
         Scorch            |    23 |     8 ||    31
         Volatile Blastmot |     2 |     1 ||     3
 Armour: Robe              |    24 |     2 ||    26
  Dodge: Dodged            |    29 |     1 ||    30

Table legend: (Time is in decaauts)
 A = Elapsed time spent in this place.
 B = Non-inter-level travel time spent in this place.
 C = Inter-level travel time spent in this place.
 D = Time resting spent in this place.
 E = Time spent auto-exploring this place.
 F = Levels seen in this place.
 G = Mean time per level.
                   A        B        C        D        E       F      G
               +--------+--------+--------+--------+--------+-----+--------+
         Total |   1716 |   1617 |     99 |    257 |   1133 |   2 |  858.0 |
       Dungeon |   1716 |   1617 |     99 |    257 |   1133 |   2 |  858.0 |
               +--------+--------+--------+--------+--------+-----+--------+

Top non-repeatable levels by time:
     D:1: 1121 daAuts
     D:2: 594 daAuts
